Map: New Repugnancy LE

Players

Blazeling

  • Race: Zerg Zerg
  • League: Diamond
  • Spawn Location: 1:00

Escitalopram - Winner!

  • Race: Terran Terran
  • League: Diamond
  • Spawn Location: 7:00

VOD

Have the link to the VOD?

Description

Time

  • Played on: Feb. 16, 2019, 3:22 a.m.
  • Length: 32:34
Show
View Real Time Build Order
Export as new Build Order

Blazeling Zerg 

Build Orders: Hatch First, Brood Lord Corruptor, Lurkers, Roach Hydra 

Get SALT Encoding   

  12  0:00  Drone  
  13  0:12  Overlord  
  13  0:16  Drone  
  14  0:30  Drone x2  
  16  0:49  Hatchery  
  15  0:52  Drone  
  15  0:56  Drone  
  17  1:01  Drone  
  18  1:11  Extractor  
  17  1:16  Spawning Pool  
  17  1:18  Drone  
  17  1:21  Drone  
  18  1:28  Drone  
  19  1:38  Drone  
  20  1:49  Overlord  
  20  2:04  Queen x2, Zergling x4  
  26  2:11  Metabolic Boost  
  26  2:16  Drone  
  26  2:17  Drone  
  28  2:28  Drone x2  
  30  2:32  Overlord  
  30  2:40  Queen  
  32  2:45  Queen  
  32  2:47  Drone  
  32  2:50  Overlord  
  35  3:01  Drone x2  
  35  3:03  Drone  
  38  3:07  Drone, Baneling Nest  
  38  3:13  Overlord  
  38  3:25  Drone  
  38  3:26  Drone x5  
  44  3:42  Hatchery  
  44  3:44  Extractor  
  44  3:45  Drone x3  
  44  3:46  Drone  
  44  3:47  Extractor  
  45  3:57  Overlord  
  45  3:58  Drone x5  
  50  4:07  Drone  
  51  4:15  Overlord x2  
  51  4:38  Zergling x2  
  52  4:39  Zergling x16  
  60  4:51  Spore Crawler  
  59  4:55  Spore Crawler, Lair  
  59  4:57  Queen x2  
  62  5:09  Drone  
  63  5:15  Evolution Chamber  
  63  5:16  Evolution Chamber  
  63  5:17  Drone  
  63  5:18  Drone x9  
  70  5:23  Baneling  
  70  5:24  Baneling x5  
  70  5:28  Drone  
  71  5:29  Drone x2  
  71  5:33  Roach Warren  
  65  5:58  Drone  
  65  5:59  Drone x8  
  71  6:08  Zerg Melee Weapons Level 1, Zerg Missile Weapons Level 1  
  71  6:13  Extractor  
  71  6:14  Extractor, Hydralisk Den  
  71  6:15  Centrifical Hooks  
  71  6:17  Roach  
  71  6:18  Roach x2  
  74  6:19  Overlord x2, Extractor  
  74  6:20  Overlord  
  73  6:45  Grooved Spines  
  73  6:46  Roach  
  87  6:47  Roach x10  
  95  6:58  Overlord x2  
  95  7:02  Hatchery  
  94  7:25  Drone x3  
  94  7:26  Hydralisk x8  
  94  7:28  Glial Reconstitution  
  113  7:44  Drone  
  113  7:46  Overlord x3  
  114  7:57  Muscular Augments  
  114  8:04  Zerg Missile Weapons Level 2, Zerg Melee Weapons Level 2  
  112  8:11  Infestation Pit  
  111  8:16  Drone x4  
  115  8:22  Drone  
  115  8:23  Drone x13  
  129  8:36  Overseer  
  129  8:44  Hydralisk  
  129  8:45  Hydralisk x6  
  143  8:48  Extractor  
  143  8:50  Extractor  
  143  8:52  Spine Crawler  
  143  8:53  Spine Crawler x2, Spore Crawler  
  137  9:03  Pneumatized Carapace  
  137  9:06  Hive  
  137  9:11  Spire, Zergling x2  
  137  9:12  Drone, Zergling x2  
  137  9:13  Drone x5  
  137  9:15  Overlord x3  
  144  9:40  Lurker Den  
  143  9:49  Overlord x4  
  143  9:50  Overlord  
  143  9:53  Roach  
  143  9:54  Roach x11  
  166  10:23  Corruptor x4, Greater Spire  
  166  10:24  Corruptor x5  
  184  10:40  Drone x3  
  184  10:41  Drone x2, Hatchery  
  188  10:48  Drone x4  
  192  10:54  Burrow  
  192  11:06  Spine Crawler, Drone x2  
  192  11:07  Spine Crawler x3  
  192  11:10  Spine Crawler  
  189  11:12  Lurker x5  
  189  11:17  Hydralisk  
  189  11:18  Hydralisk  
  196  11:20  Spine Crawler  
  196  11:21  Baneling x2  
  196  11:22  Spine Crawler  
  196  11:24  Ravager  
  196  11:25  Ravager x2  
  183  11:52  Brood Lord  
  183  11:53  Corruptor, Brood Lord x8  
  148  11:54  Corruptor  
  152  12:18  Drone  
  152  12:19  Hydralisk x2, Drone x3  
  152  12:20  Hydralisk x9  
  178  12:28  Extractor  
  177  12:30  Extractor, Zerg Flyer Armor Level 1  
  176  12:44  Drone  
  176  12:45  Drone x4  
  176  12:47  Corruptor x4  
  189  13:03  Hydralisk x5  
  198  13:10  Corruptor  
  184  13:37  Corruptor  
  184  13:38  Corruptor x7  
  174  14:11  Corruptor  
  174  14:12  Corruptor x11  
  156  14:41  Zerg Flyer Armor Level 2  
  156  14:42  Hatchery  
  156  14:45  Hydralisk x10  
  153  14:46  Hydralisk x3  
  177  15:02  Roach  
  177  15:03  Roach x6  
  183  15:30  Hydralisk  
  183  15:31  Hydralisk x8  
  177  15:50  Swarm Host x4  
  194  16:15  Brood Lord x2  
  194  16:16  Brood Lord  
  200  16:20  Extractor  
  200  16:22  Extractor  
  200  16:23  Zerg Melee Weapons Level 3, Zerg Missile Weapons Level 3  
  198  16:28  Pathogen Glands  
  188  17:10  Hydralisk  
  188  17:11  Hydralisk x15  
  188  17:12  Hydralisk  
  188  17:26  Hydralisk x6  
  200  17:44  Hatchery  
  199  17:53  Hatchery  
  194  18:09  Hatchery  
  194  18:11  Hatchery  
  194  18:12  Hydralisk x3  
  128  18:13  Hydralisk x15, Extractor  
  128  18:16  Extractor  
  156  18:48  Hydralisk  
  156  18:49  Hydralisk x15  
  156  18:50  Hydralisk x2  
  192  19:00  Zerg Ground Armor Level 1  
  189  19:22  Hydralisk x4  
  189  19:23  Hydralisk  
  129  19:52  Roach x13  
  155  19:53  Roach x12  
  163  20:06  Infestor  
  165  20:07  Infestor x8  
  167  21:01  Hydralisk  
  167  21:02  Hydralisk x15  
  189  21:16  Hydralisk x7, Roach x2  
  189  21:17  Hydralisk x3, Roach x2  
  179  21:28  Hydralisk  
  179  21:29  Hydralisk x4  
  156  22:04  Hydralisk x2  
  156  22:05  Hydralisk x10  
  160  22:37  Hydralisk  
  160  22:38  Hydralisk x11  
  170  22:56  Hydralisk x7  
  166  23:08  Hydralisk  
  166  23:09  Hydralisk x4  
  164  23:19  Hydralisk  
  134  23:20  Hydralisk x4  
  142  23:30  Zerg Ground Armor Level 2  
  128  23:54  Hydralisk  
  128  23:55  Hydralisk x11  
  112  24:13  Drone x6  
  112  24:14  Drone  
  119  24:20  Hatchery  
  94  25:06  Hydralisk  
  94  25:07  Hydralisk x20  
  94  25:08  Hydralisk  
  134  25:22  Zerg Flyer Armor Level 3  
  134  25:34  Drone  
  134  25:35  Drone x17  
  150  25:50  Corruptor  
  150  25:51  Corruptor x4  
  122  26:33  Swarm Host x10  
  122  26:34  Swarm Host x12  
  188  26:54  Extractor  
  188  26:55  Extractor  
  180  27:31  Corruptor x7  
  180  27:32  Corruptor x3  
  192  28:07  Corruptor  
  192  28:08  Corruptor x3  
  194  28:46  Corruptor  
  194  28:47  Corruptor x7  
  184  29:05  Corruptor x3  
  178  29:28  Overlord, Corruptor x2  
  166  29:42  Corruptor x2  
  170  29:55  Zergling x26  
  170  29:58  Hatchery  
  170  30:08  Zerg Flyer Weapons Level 1  
  170  30:34  Zergling x10  
  170  30:35  Zergling x20  
  185  30:39  Adrenal Glands  
  185  30:48  Zergling x10  
  156  31:39  Zergling x2  
  156  31:40  Zergling x32  
  156  31:44  Extractor  
  156  31:47  Extractor  
Show
View Real Time Build Order
Export as new Build Order

Escitalopram Terran - Winner!

Build Orders: Mech 

Get SALT Encoding   

  12  0:01  SCV  
  13  0:13  SCV  
  14  0:26  Supply Depot  
  14  0:27  SCV  
  15  0:48  SCV  
  16  0:51  Barracks  
  16  1:00  SCV  
  17  1:06  Supply Depot  
  17  1:12  SCV  
  18  1:24  SCV  
  19  1:36  SCV  
  20  1:40  Marine  
  20  1:46  Command Center  
  21  1:48  Orbital Command  
  21  1:58  Marine  
  22  2:16  Marine  
  22  2:18  SCV  
  22  2:20  Bunker  
  24  2:30  SCV  
  24  2:33  Marine  
  24  2:35  Command Center  
  26  2:42  SCV  
  27  2:45  Refinery  
  27  2:46  Refinery  
  27  2:54  SCV  
  29  3:04  Orbital Command  
  28  3:20  Orbital Command  
  28  3:22  Engineering Bay  
  28  3:24  SCV  
  29  3:36  SCV  
  29  3:39  Marine  
  31  3:46  SCV  
  31  3:48  Orbital Command, SCV  
  32  3:51  Bunker  
  33  3:57  Marine  
  33  3:58  Factory  
  33  3:59  SCV  
  33  4:00  SCV  
  36  4:08  Supply Depot  
  36  4:11  SCV  
  36  4:13  SCV  
  36  4:14  SCV  
  36  4:15  Marine  
  40  4:23  SCV  
  41  4:25  SCV  
  41  4:26  SCV  
  43  4:33  Marine  
  44  4:42  SCV x3  
  47  4:47  Engineering Bay  
  47  4:54  SCV x3  
  47  4:55  Factory Tech Lab  
  47  4:57  Factory  
  50  5:06  Supply Depot, SCV x2  
  52  5:09  SCV  
  52  5:11  Refinery  
  52  5:12  Refinery  
  53  5:18  SCV x2  
  53  5:21  Siege Tank, SCV  
  59  5:30  SCV  
  59  5:31  SCV  
  59  5:32  Armory  
  59  5:33  SCV  
  62  5:36  Command Center  
  62  5:42  SCV  
  62  5:43  Factory Tech Lab, SCV  
  62  5:45  SCV  
  64  5:54  Supply Depot  
  64  6:04  SCV x3  
  64  6:06  Siege Tank  
  69  6:15  Starport  
  69  6:16  Siege Tank, SCV x3  
  69  6:17  Factory  
  75  6:28  Terran Vehicle And Ship Armor Level 1, SCV x2  
  75  6:32  Engineering Bay  
  77  6:44  Supply Depot  
  77  6:47  Hi-Sec Auto Tracking  
  77  6:48  Supply Depot, Siege Tank, SCV x3  
  77  6:49  Neosteel Armor  
  77  6:50  Supply Depot x2  
  77  6:53  Viking  
  85  7:00  Factory Reactor, SCV x2  
  87  7:08  Supply Depot  
  87  7:14  SCV x3  
  90  7:21  Siege Tank  
  93  7:26  SCV x2  
  93  7:27  SCV  
  96  7:36  Command Center  
  96  7:38  SCV x2  
  96  7:39  SCV  
  96  7:44  Planetary Fortress  
  99  7:50  SCV  
  99  7:51  SCV x2  
  102  7:56  Siege Tank x2  
  102  7:57  Starport Tech Lab  
  108  8:01  Refinery  
  108  8:03  SCV x3  
  111  8:05  Refinery  
  111  8:12  Hellbat x2  
  115  8:13  Infernal Pre-Igniter  
  115  8:21  Missile Turret  
  115  8:23  Terran Vehicle Weapons Level 1, Missile Turret  
  115  8:25  Missile Turret  
  115  8:26  Missile Turret  
  115  8:27  Missile Turret  
  115  8:28  Missile Turret  
  115  8:31  Missile Turret  
  115  8:34  Missile Turret  
  115  8:39  Thor  
  115  8:40  Hellion, Hellbat  
  123  8:50  Planetary Fortress  
  123  8:54  Command Center  
  123  8:57  Command Center  
  123  9:02  Missile Turret x2  
  123  9:05  Missile Turret  
  123  9:06  Missile Turret  
  123  9:19  Liberator, Factory  
  123  9:21  Starport  
  123  9:22  Armory  
  116  9:34  Siege Tank x2  
  125  9:52  Hellbat x2  
  129  9:58  Fusion Core  
  129  10:01  Starport Reactor  
  129  10:03  Factory Tech Lab  
  129  10:06  Factory Reactor  
  129  10:08  Thor x2  
  129  10:10  Liberator  
  141  10:16  Orbital Command  
  144  10:38  Planetary Fortress, Sensor Tower  
  144  10:50  Refinery  
  144  10:52  Viking x2  
  144  10:53  Refinery  
  144  10:56  Terran Ship Weapons Level 1, Terran Vehicle Weapons Level 2  
  148  10:59  Hellion, Missile Turret, Hellbat x2  
  148  11:00  Hellbat x3  
  148  11:03  Liberator  
  160  11:17  Liberator x2  
  160  11:19  Missile Turret  
  163  11:29  Advanced Ballistics  
  163  11:37  Hellbat x3  
  163  11:38  Hellbat  
  163  11:39  Missile Turret  
  177  11:43  Supply Depot  
  177  11:45  Supply Depot  
  177  11:46  Hellbat  
  177  11:47  Hellion, Supply Depot  
  173  11:58  Missile Turret  
  173  12:03  Hellbat  
  173  12:04  Hellbat  
  173  12:07  Thor  
  173  12:08  Liberator x2, Supply Depot, Thor  
  183  12:13  Starport  
  189  12:16  Starport  
  195  12:33  Raven  
  197  12:40  Sensor Tower  
  197  12:49  Terran Vehicle And Ship Armor Level 2  
  197  12:53  Command Center  
  197  12:54  Command Center x2, Starport Tech Lab x2  
  197  13:03  Hellbat  
  195  13:36  Terran Ship Weapons Level 2  
  195  13:46  Mag-Field Accelerator  
  192  14:06  Liberator  
  192  14:07  Liberator x2  
  171  14:24  Thor x2  
  171  14:25  Hellbat  
  171  14:26  Hellion x2, Hellbat  
  194  14:40  Orbital Command  
  194  14:44  Thor x4  
  194  15:05  Terran Vehicle Weapons Level 3  
  194  15:06  Refinery  
  194  15:07  Refinery, Thor  
  194  15:08  Factory  
  194  15:09  Starport  
  194  15:12  Sensor Tower  
  200  15:16  Planetary Fortress, Missile Turret  
  200  15:17  Missile Turret  
  200  15:20  Missile Turret  
  200  15:26  Liberator x3, Drilling Claws  
  200  15:32  Missile Turret  
  197  16:02  Planetary Fortress  
  197  16:10  Factory Tech Lab  
  197  16:11  Starport Reactor  
  197  16:23  Starport Tech Lab  
  197  16:31  Starport Reactor  
  197  16:44  Smart Servos  
  197  16:56  Hellion x9  
  182  17:26  Battlecruiser x2  
  182  17:27  Battlecruiser  
  182  17:29  Terran Vehicle And Ship Armor Level 3  
  196  17:43  Terran Ship Weapons Level 3  
  196  17:47  Command Center x2  
  196  17:48  Command Center  
  182  18:23  Thor x3  
  200  18:37  Weapon Refit  
  200  19:07  Orbital Command  
  200  19:28  Starport  
  200  19:29  Factory  
  197  19:47  Planetary Fortress x2  
  197  20:17  Factory Tech Lab  
  197  20:18  Starport Tech Lab  
  197  20:40  Refinery  
  197  20:44  Refinery  
  191  21:06  Orbital Command  
  191  21:07  Sensor Tower  
  191  21:15  Missile Turret x3, Refinery  
  191  21:19  Battlecruiser  
  191  21:20  Missile Turret  
  197  21:31  Command Center  
  197  21:37  Orbital Command  
  197  22:21  Raven  
  189  22:48  Command Center  
  189  22:49  Orbital Command  
  171  23:14  Command Center  
  165  23:33  Liberator x4  
  147  23:49  Raven x2  
  147  23:50  Battlecruiser  
  147  23:51  Banshee  
  147  23:53  Hellion x4  
  147  23:54  Hellion x4  
  175  24:01  Planetary Fortress  
  175  24:14  Hellion, Command Center  
  175  24:15  Hellion x7  
  175  24:16  Command Center x2  
  191  24:32  Orbital Command  
  191  24:37  Command Center  
  184  25:18  Missile Turret  
  184  25:20  Missile Turret  
  183  25:29  Orbital Command  
  171  26:51  Factory  
  171  26:55  Starport  
  171  26:58  Battlecruiser  
  171  26:59  Battlecruiser x3  
  195  27:05  Planetary Fortress  
  195  27:12  Planetary Fortress  
  195  27:18  Sensor Tower  
  195  27:27  Hellion  
  195  27:28  Hellion  
  199  27:34  Refinery  
  199  27:37  Refinery  
  199  27:41  Missile Turret  
  199  27:48  Factory Tech Lab  
  199  27:50  Starport Tech Lab  
  190  28:07  Missile Turret  
  190  28:28  Missile Turret  
  181  28:51  Cloaking Field  
  171  29:19  Missile Turret  
  167  30:07  Battlecruiser x4  
  167  30:08  Battlecruiser  
  167  30:09  Hellbat  
  167  30:10  Corvid Reactor  
  199  30:14  Terran Infantry Weapons Level 1, Terran Infantry Armor Level 1  
  199  30:17  Barracks Tech Lab  
  199  30:19  Barracks  
  199  30:20  Barracks x2  
  199  30:21  Barracks x2  
  199  30:26  Barracks  
  185  30:39  Thor x2  
  185  30:41  Widow Mine  
  199  30:52  Orbital Command  
  199  31:11  Barracks Tech Lab  
  199  31:12  Barracks Reactor  
  199  31:13  Barracks Reactor x3  
  199  31:14  Barracks Reactor  
  196  31:31  Marine x2  
  194  31:53  Medivac x3  
Tags
 
Add a new tag
Caveats
  • Supply blocks, unpowered buildings, or Contaminate may cause inaccurate times.
  • Supply counts are checked every 10 seconds.